 Dungeon Crawl Stone Soup version 0.30-a0-585-g93115170b9 (webtiles) character file.

Game seed: 3446039755427259339

846 bande the Chopper (level 8, 0/49 HPs)
             Began as a Gargoyle Fighter on Jan 1, 2023.
             Slain by Prince Ribbit (14 damage)
             ... on level 5 of the Dungeon on Jan 2, 2023.
             The game lasted 00:06:38 (3567 turns).

bande the Chopper (Gargoyle Fighter)                Turns: 3567, Time: 00:06:38

Health: 0/49       AC: 18    Str: 19    XL:     8   Next: 0%
Magic:  8/8        EV:  9    Int: 10    God:
Gold:   188        SH:  0    Dex: 11    Spells: 7/7 levels left

rFire   + . .      SeeInvis .    a - +0 war axe
rCold   . . .      Faith    .    c - +0 buckler
rNeg    + . .      Spirit   .    q - +3 scale mail {rF+}
rPois   ∞          Reflect  .    (no helmet)
rElec   +          Harm     .    u - +1 cloak
rCorr   .          Rampage  .    (no gloves)
Will    .....                    (no boots) Stlth
                                 (no amulet)
HPRegen 0.28/turn                (no ring)
MPRegen 0.11/turn                (no ring)

@: confused, ambrosia-drunk
A: sickness immunity, AC +5, negative energy resistance 1, electricity
resistance, torment resistance 1, petrification resistance
a: no special abilities


You were on level 5 of the Dungeon.
You visited 1 branch of the dungeon, and saw 5 of its levels.

You collected 188 gold pieces.

Inventory:

Hand Weapons
 a - a +0 war axe (weapon)
 e - a +0 morningstar
Armour
 b - a +1 cloak
 c - a +0 buckler (worn)
 q - a +3 scale mail of fire resistance (worn)
 u - a +1 cloak (worn)
Jewellery
 f - a ring of fire
Potions
 d - 2 potions of might
 g - a potion of haste
 h - a potion of curing
 i - a potion of brilliance
 m - a potion of cancellation
 o - a potion of resistance {unknown}
 s - a potion of attraction {unknown}
 t - a potion of magic {unknown}


   Skills:
 + Level 5.1 Fighting
 + Level 5.8 Axes
 + Level 5.4 Armour
 + Level 4.6 Shields


You had 7 spell levels left.
You didn't know any spells.
Your spell library contained the following spells:

 Spells                   Type           Power      Damage    Failure   Level
 Call Canine Familiar     Summ           0%         N/A       99%         3
 Portal Projectile        Hex/Tloc       0%         N/A       99%         3
 Summon Guardian Golem    Hex/Summ       0%         N/A       99%         3
 Leda's Liquefaction      Hex/Erth       0%         N/A       100%        4
 Orb of Destruction       Conj           0%         9d5       100%        7
 Spellforged Servitor     Conj/Summ      0%         N/A       100%        7


Dungeon Overview and Level Annotations

Branches:
Dungeon (5/15)
 Temple: D:4-7

Altars:

Annotations:
D:5 Prince Ribbit


Innate Abilities, Weirdness & Mutations

You are immune to sickness and miasma.
Your stone body is resilient. (AC +5)
You are immune to poison.
You resist negative energy. (rN+)
You are resistant to electric shocks. (rElec)
You are resistant to unholy torment.
You are immune to petrification.


Message History

* * * LOW HITPOINT WARNING * * *
Grinder hits you but does no damage.
Unknown command.
You hit Grinder.
You kill Grinder!
You hit Prince Ribbit.
Prince Ribbit hits you but does no damage.
Prince Ribbit hits you.
* * * LOW HITPOINT WARNING * * *
Your Fighting skill increases to level 5!
You have reached level 8!
You feel clever. You block Prince Ribbit's attack.
You see here a hound corpse.
Prince Ribbit blinks!
You closely miss Prince Ribbit.
Prince Ribbit is severely wounded.
Prince Ribbit hits you.
* * * LOW HITPOINT WARNING * * *
You closely miss Prince Ribbit.
Prince Ribbit is severely wounded.
Prince Ribbit closely misses you. Prince Ribbit hits you.
* * * LOW HITPOINT WARNING * * *
You closely miss Prince Ribbit.
Prince Ribbit is severely wounded.
Prince Ribbit hits you but does no damage.
You hit Prince Ribbit but do no damage.
Prince Ribbit is severely wounded.
Prince Ribbit hits you but does no damage.
Prince Ribbit closely misses you.
You closely miss Prince Ribbit.
Prince Ribbit is severely wounded.
You block Prince Ribbit's attack.
Prince Ribbit blinks!
You feel better.
You are confused.
You feel invigorated.
Prince Ribbit lets out a mournful croak.
Unknown command.
Prince Ribbit attacks as you move away! Prince Ribbit hits you!
You die...

........ .........
!....... .........
.......# .......$.
......#####........
.................. .####
####..............
.....##.................
...........#####........
.$.....@..######...#...#
.#..>.F..†..............
#........#.............
#..?.#...#.#######.....
+....#...# # #...<.
#....#.... #..#..
........##.. #..#.#
#..#....# ..# #.....
#.... #.# #....#


You could see Prince Ribbit.

Vanquished Creatures
  Grinder (D:5)
  Eustachio (D:4)
  A phantom (D:4)
  A scorpion (D:4)
  A necrophage (D:4)
  A hound (D:5)
  Jessica (D:2)
  Terence (D:3)
  An iguana (D:3)
  An orc wizard (D:4)
  Robin (D:4)
  9 adders
  An ufetubus (D:5)
  3 dart slugs
  9 orcs (D:4)
  9 ball pythons
  A bat (D:2)
  5 endoplasms
  5 giant cockroaches
  14 goblins
  9 hobgoblins
  2 kobolds (D:2)
  A quokka (D:3)
  6 frilled lizards
  3 rats (D:1)
88 creatures vanquished.

Notes
Turn   | Place    | Note
-------+----------+-------------------------------------------
     0 | D:1      | bande the Gargoyle Fighter began the quest for the Orb.
     0 | D:1      | Reached XP level 1. HP: 14/14 MP: 1/1
   288 | D:1      | Reached XP level 2. HP: 19/19 MP: 2/2
   524 | D:1      | Reached XP level 3. HP: 23/23 MP: 3/3
  1096 | D:2      | Noticed Jessica
  1103 | D:2      | Killed Jessica
  1104 | D:2      | Reached XP level 4. HP: 21/29 MP: 4/4
  1574 | D:3      | Noticed Terence
  1588 | D:3      | Killed Terence
  1589 | D:3      | Reached XP level 5. HP: 19/33 MP: 5/5
  1827 | D:3      | Found a faded altar of an unknown god.
  2155 | D:4      | Noticed a phantom
  2161 | D:4      | Killed a phantom
  2162 | D:4      | Reached XP level 6. HP: 38/38 MP: 6/6
  2171 | D:4      | Noticed Eustachio
  2174 | D:4      | Noticed Robin
  2185 | D:4      | Killed Robin
  2233 | D:4      | Killed Eustachio
  2234 | D:4      | Reached XP level 7. HP: 29/44 MP: 7/7
  2553 | D:4      | Identified the +0 ring mail "Biduohur" {+Inv rCorr Dex-5}
  2956 | D:4      | Reached skill level 5 in Armour
  2995 | D:4      | Reached skill level 5 in Axes
  3478 | D:5      | Entered Level 5 of the Dungeon
  3490 | D:5      | Noticed Grinder
  3490 | D:5      | Paralysed by Grinder for 5 turns
  3509 | D:5      | Noticed Prince Ribbit
  3513 | D:5      | Paralysed by Grinder for 2 turns
  3532 | D:5      | Paralysed by Grinder for 5 turns
  3546 | D:5      | Paralysed by Grinder for 4 turns
  3555 | D:5      | Killed Grinder
  3556 | D:5      | Reached skill level 5 in Fighting
  3556 | D:5      | Reached XP level 8. HP: 10/49 MP: 8/8
  3561 | D:5      | HP: 2/49 [Prince Ribbit (5)]
  3567 | D:5      | Slain by Prince Ribbit

Illustrated notes

Levels and vault maps discovered:
D:1:      lightli_arrival_statuegarden, layout_loops_corners,
          minmay_small_reverse_x
D:2:      layout_rooms, kennysheep_doodads, dk_noncrumbling_4, uniq_jessica
D:3:      layout_rooms, hellmonk_ecumenical_altar_arch_garden, uniq_terence
D:4:      layout_basic, roderic_nine_men_s_morris, uniq_robin, uniq_eustachio
D:5:      dreamdust_elfheim, layout_basic, minmay_temple_entry_offerings,
          serial_shops, nicolae_shop_crystal, minmay_holes, uniq_grinder,
          uniq_prince_ribbit1, uniq_menkaure

Skill      XL: |  1  2  3  4  5  6  7 |
---------------+----------------------+-----
Axes           | 2 3 4 5 |  5.8
Armour         | 4 5 |  5.4
Fighting       | 4 5 |  5.1
Shields        | 4 |  4.6

Action                   |  1- 3 |  4- 6 |  7- 9 || total
-------------------------+-------+-------+-------++-------
Melee: War axe           |   109 |   102 |   105 ||   316
  Use: Potion            |       |     2 |     5 ||     7
       Scroll            |       |       |     9 ||     9
Armor: Scale mail        |    60 |   141 |    76 ||   277
Dodge: Dodged            |    53 |   119 |    45 ||   217
Block: Buckler           |    21 |    50 |    26 ||    97

Table legend: (Time is in decaauts)
 A = Elapsed time spent in this place.
 B = Non-inter-level travel time spent in this place.
 C = Inter-level travel time spent in this place.
 D = Time resting spent in this place.
 E = Time spent auto-exploring this place.
 F = Levels seen in this place.
 G = Mean time per level.
                   A        B        C        D        E       F      G
               +--------+--------+--------+--------+--------+-----+--------+
         Total |   3681 |   3629 |     52 |    403 |   2421 |   5 |  736.2 |
       Dungeon |   3681 |   3629 |     52 |    403 |   2421 |   5 |  736.2 |
               +--------+--------+--------+--------+--------+-----+--------+

Top non-repeatable levels by time:
     D:4: 1391 daAuts
     D:1: 916 daAuts
     D:3: 680 daAuts
     D:2: 596 daAuts
     D:5: 96 daAuts
